Workbook

Sheet Registro
A1: Plantilla de cierre de caja · Diario de Hostelería
A2: Una fila por día (o por turno). Rellena las celdas crema; el resto se calcula solo. Cómo usarla: hoja «Instrucciones».
A3: Las propinas (bote) van aparte: no son ventas del negocio y no entran en el cuadre.
A5: IVA de las ventas (%) | C5: 10 | E5: Avisar si el descuadre pasa de (€) | G5: 5 | I5: Escribe el número del IVA (10, 21…). La plantilla no decide qué IVA te corresponde.
A7: Fecha | B7: Día | C7: Fondo inicial | D7: Ventas en efectivo | E7: Ventas con tarjeta | F7: Otros cobros (Bizum, transferencia) | G7: Pagos desde la caja | H7: Retiradas | I7: Efectivo contado | J7: Cierre del datáfono | K7: Bote (aparte) | L7: Ventas totales con IVA | M7: Ventas sin IVA | N7: Efectivo esperado | O7: Descuadre | P7: Aviso | Q7: Notas
B8: =IF(ISNUMBER(A8),CHOOSE(WEEKDAY(A8,2),"lunes","martes","miércoles","jueves","viernes","sábado","domingo"),"") | L8: =IF(AND(ISNUMBER(A8),COUNT(D8:F8)>0),N(D8)+N(E8)+N(F8),"") | M8: =IF(AND(ISNUMBER(L8),ISNUMBER($C$5),$C$5>=0),ROUND(L8/(1+$C$5/100),2),"") | N8: =IF(AND(ISNUMBER(A8),COUNT(C8:D8)>0),N(C8)+N(D8)-N(G8)-N(H8),"") | O8: =IF(AND(ISNUMBER(N8),ISNUMBER(I8)),ROUND(I8-N8,2),"") | P8: =IF(ISNUMBER(O8),IF(AND(ISNUMBER($G$5),ABS(O8)>$G$5),"Revisa el descuadre",IF(AND(ISNUMBER(J8),ISNUMBER(E8)),IF(ROUND(J8-E8,2)<>0,"El datáfono no cuadra con la tarjeta",""),"")),IF(AND(ISNUMBER(J8),ISNUMBER(E8)),IF(ROUND(J8-E8,2)<>0,"El datáfono no cuadra con la tarjeta",""),""))
B9: =IF(ISNUMBER(A9),CHOOSE(WEEKDAY(A9,2),"lunes","martes","miércoles","jueves","viernes","sábado","domingo"),"") | L9: =IF(AND(ISNUMBER(A9),COUNT(D9:F9)>0),N(D9)+N(E9)+N(F9),"") | M9: =IF(AND(ISNUMBER(L9),ISNUMBER($C$5),$C$5>=0),ROUND(L9/(1+$C$5/100),2),"") | N9: =IF(AND(ISNUMBER(A9),COUNT(C9:D9)>0),N(C9)+N(D9)-N(G9)-N(H9),"") | O9: =IF(AND(ISNUMBER(N9),ISNUMBER(I9)),ROUND(I9-N9,2),"") | P9: =IF(ISNUMBER(O9),IF(AND(ISNUMBER($G$5),ABS(O9)>$G$5),"Revisa el descuadre",IF(AND(ISNUMBER(J9),ISNUMBER(E9)),IF(ROUND(J9-E9,2)<>0,"El datáfono no cuadra con la tarjeta",""),"")),IF(AND(ISNUMBER(J9),ISNUMBER(E9)),IF(ROUND(J9-E9,2)<>0,"El datáfono no cuadra con la tarjeta",""),""))
B10: =IF(ISNUMBER(A10),CHOOSE(WEEKDAY(A10,2),"lunes","martes","miércoles","jueves","viernes","sábado","domingo"),"") | L10: =IF(AND(ISNUMBER(A10),COUNT(D10:F10)>0),N(D10)+N(E10)+N(F10),"") | M10: =IF(AND(ISNUMBER(L10),ISNUMBER($C$5),$C$5>=0),ROUND(L10/(1+$C$5/100),2),"") | N10: =IF(AND(ISNUMBER(A10),COUNT(C10:D10)>0),N(C10)+N(D10)-N(G10)-N(H10),"") | O10: =IF(AND(ISNUMBER(N10),ISNUMBER(I10)),ROUND(I10-N10,2),"") | P10: =IF(ISNUMBER(O10),IF(AND(ISNUMBER($G$5),ABS(O10)>$G$5),"Revisa el descuadre",IF(AND(ISNUMBER(J10),ISNUMBER(E10)),IF(ROUND(J10-E10,2)<>0,"El datáfono no cuadra con la tarjeta",""),"")),IF(AND(ISNUMBER(J10),ISNUMBER(E10)),IF(ROUND(J10-E10,2)<>0,"El datáfono no cuadra con la tarjeta",""),""))
B11: =IF(ISNUMBER(A11),CHOOSE(WEEKDAY(A11,2),"lunes","martes","miércoles","jueves","viernes","sábado","domingo"),"") | L11: =IF(AND(ISNUMBER(A11),COUNT(D11:F11)>0),N(D11)+N(E11)+N(F11),"") | M11: =IF(AND(ISNUMBER(L11),ISNUMBER($C$5),$C$5>=0),ROUND(L11/(1+$C$5/100),2),"") | N11: =IF(AND(ISNUMBER(A11),COUNT(C11:D11)>0),N(C11)+N(D11)-N(G11)-N(H11),"") | O11: =IF(AND(ISNUMBER(N11),ISNUMBER(I11)),ROUND(I11-N11,2),"") | P11: =IF(ISNUMBER(O11),IF(AND(ISNUMBER($G$5),ABS(O11)>$G$5),"Revisa el descuadre",IF(AND(ISNUMBER(J11),ISNUMBER(E11)),IF(ROUND(J11-E11,2)<>0,"El datáfono no cuadra con la tarjeta",""),"")),IF(AND(ISNUMBER(J11),ISNUMBER(E11)),IF(ROUND(J11-E11,2)<>0,"El datáfono no cuadra con la tarjeta",""),""))
B12: =IF(ISNUMBER(A12),CHOOSE(WEEKDAY(A12,2),"lunes","martes","miércoles","jueves","viernes","sábado","domingo"),"") | L12: =IF(AND(ISNUMBER(A12),COUNT(D12:F12)>0),N(D12)+N(E12)+N(F12),"") | M12: =IF(AND(ISNUMBER(L12),ISNUMBER($C$5),$C$5>=0),ROUND(L12/(1+$C$5/100),2),"") | N12: =IF(AND(ISNUMBER(A12),COUNT(C12:D12)>0),N(C12)+N(D12)-N(G12)-N(H12),"") | O12: =IF(AND(ISNUMBER(N12),ISNUMBER(I12)),ROUND(I12-N12,2),"") | P12: =IF(ISNUMBER(O12),IF(AND(ISNUMBER($G$5),ABS(O12)>$G$5),"Revisa el descuadre",IF(AND(ISNUMBER(J12),ISNUMBER(E12)),IF(ROUND(J12-E12,2)<>0,"El datáfono no cuadra con la tarjeta",""),"")),IF(AND(ISNUMBER(J12),ISNUMBER(E12)),IF(ROUND(J12-E12,2)<>0,"El datáfono no cuadra con la tarjeta",""),""))
B13: =IF(ISNUMBER(A13),CHOOSE(WEEKDAY(A13,2),"lunes","martes","miércoles","jueves","viernes","sábado","domingo"),"") | L13: =IF(AND(ISNUMBER(A13),COUNT(D13:F13)>0),N(D13)+N(E13)+N(F13),"") | M13: =IF(AND(ISNUMBER(L13),ISNUMBER($C$5),$C$5>=0),ROUND(L13/(1+$C$5/100),2),"") | N13: =IF(AND(ISNUMBER(A13),COUNT(C13:D13)>0),N(C13)+N(D13)-N(G13)-N(H13),"") | O13: =IF(AND(ISNUMBER(N13),ISNUMBER(I13)),ROUND(I13-N13,2),"") | P13: =IF(ISNUMBER(O13),IF(AND(ISNUMBER($G$5),ABS(O13)>$G$5),"Revisa el descuadre",IF(AND(ISNUMBER(J13),ISNUMBER(E13)),IF(ROUND(J13-E13,2)<>0,"El datáfono no cuadra con la tarjeta",""),"")),IF(AND(ISNUMBER(J13),ISNUMBER(E13)),IF(ROUND(J13-E13,2)<>0,"El datáfono no cuadra con la tarjeta",""),""))
B14: =IF(ISNUMBER(A14),CHOOSE(WEEKDAY(A14,2),"lunes","martes","miércoles","jueves","viernes","sábado","domingo"),"") | L14: =IF(AND(ISNUMBER(A14),COUNT(D14:F14)>0),N(D14)+N(E14)+N(F14),"") | M14: =IF(AND(ISNUMBER(L14),ISNUMBER($C$5),$C$5>=0),ROUND(L14/(1+$C$5/100),2),"") | N14: =IF(AND(ISNUMBER(A14),COUNT(C14:D14)>0),N(C14)+N(D14)-N(G14)-N(H14),"") | O14: =IF(AND(ISNUMBER(N14),ISNUMBER(I14)),ROUND(I14-N14,2),"") | P14: =IF(ISNUMBER(O14),IF(AND(ISNUMBER($G$5),ABS(O14)>$G$5),"Revisa el descuadre",IF(AND(ISNUMBER(J14),ISNUMBER(E14)),IF(ROUND(J14-E14,2)<>0,"El datáfono no cuadra con la tarjeta",""),"")),IF(AND(ISNUMBER(J14),ISNUMBER(E14)),IF(ROUND(J14-E14,2)<>0,"El datáfono no cuadra con la tarjeta",""),""))
B15: =IF(ISNUMBER(A15),CHOOSE(WEEKDAY(A15,2),"lunes","martes","miércoles","jueves","viernes","sábado","domingo"),"") | L15: =IF(AND(ISNUMBER(A15),COUNT(D15:F15)>0),N(D15)+N(E15)+N(F15),"") | M15: =IF(AND(ISNUMBER(L15),ISNUMBER($C$5),$C$5>=0),ROUND(L15/(1+$C$5/100),2),"") | N15: =IF(AND(ISNUMBER(A15),COUNT(C15:D15)>0),N(C15)+N(D15)-N(G15)-N(H15),"") | O15: =IF(AND(ISNUMBER(N15),ISNUMBER(I15)),ROUND(I15-N15,2),"") | P15: =IF(ISNUMBER(O15),IF(AND(ISNUMBER($G$5),ABS(O15)>$G$5),"Revisa el descuadre",IF(AND(ISNUMBER(J15),ISNUMBER(E15)),IF(ROUND(J15-E15,2)<>0,"El datáfono no cuadra con la tarjeta",""),"")),IF(AND(ISNUMBER(J15),ISNUMBER(E15)),IF(ROUND(J15-E15,2)<>0,"El datáfono no cuadra con la tarjeta",""),""))
B16: =IF(ISNUMBER(A16),CHOOSE(WEEKDAY(A16,2),"lunes","martes","miércoles","jueves","viernes","sábado","domingo"),"") | L16: =IF(AND(ISNUMBER(A16),COUNT(D16:F16)>0),N(D16)+N(E16)+N(F16),"") | M16: =IF(AND(ISNUMBER(L16),ISNUMBER($C$5),$C$5>=0),ROUND(L16/(1+$C$5/100),2),"") | N16: =IF(AND(ISNUMBER(A16),COUNT(C16:D16)>0),N(C16)+N(D16)-N(G16)-N(H16),"") | O16: =IF(AND(ISNUMBER(N16),ISNUMBER(I16)),ROUND(I16-N16,2),"") | P16: =IF(ISNUMBER(O16),IF(AND(ISNUMBER($G$5),ABS(O16)>$G$5),"Revisa el descuadre",IF(AND(ISNUMBER(J16),ISNUMBER(E16)),IF(ROUND(J16-E16,2)<>0,"El datáfono no cuadra con la tarjeta",""),"")),IF(AND(ISNUMBER(J16),ISNUMBER(E16)),IF(ROUND(J16-E16,2)<>0,"El datáfono no cuadra con la tarjeta",""),""))
B17: =IF(ISNUMBER(A17),CHOOSE(WEEKDAY(A17,2),"lunes","martes","miércoles","jueves","viernes","sábado","domingo"),"") | L17: =IF(AND(ISNUMBER(A17),COUNT(D17:F17)>0),N(D17)+N(E17)+N(F17),"") | M17: =IF(AND(ISNUMBER(L17),ISNUMBER($C$5),$C$5>=0),ROUND(L17/(1+$C$5/100),2),"") | N17: =IF(AND(ISNUMBER(A17),COUNT(C17:D17)>0),N(C17)+N(D17)-N(G17)-N(H17),"") | O17: =IF(AND(ISNUMBER(N17),ISNUMBER(I17)),ROUND(I17-N17,2),"") | P17: =IF(ISNUMBER(O17),IF(AND(ISNUMBER($G$5),ABS(O17)>$G$5),"Revisa el descuadre",IF(AND(ISNUMBER(J17),ISNUMBER(E17)),IF(ROUND(J17-E17,2)<>0,"El datáfono no cuadra con la tarjeta",""),"")),IF(AND(ISNUMBER(J17),ISNUMBER(E17)),IF(ROUND(J17-E17,2)<>0,"El datáfono no cuadra con la tarjeta",""),""))
B18: =IF(ISNUMBER(A18),CHOOSE(WEEKDAY(A18,2),"lunes","martes","miércoles","jueves","viernes","sábado","domingo"),"") | L18: =IF(AND(ISNUMBER(A18),COUNT(D18:F18)>0),N(D18)+N(E18)+N(F18),"") | M18: =IF(AND(ISNUMBER(L18),ISNUMBER($C$5),$C$5>=0),ROUND(L18/(1+$C$5/100),2),"") | N18: =IF(AND(ISNUMBER(A18),COUNT(C18:D18)>0),N(C18)+N(D18)-N(G18)-N(H18),"") | O18: =IF(AND(ISNUMBER(N18),ISNUMBER(I18)),ROUND(I18-N18,2),"") | P18: =IF(ISNUMBER(O18),IF(AND(ISNUMBER($G$5),ABS(O18)>$G$5),"Revisa el descuadre",IF(AND(ISNUMBER(J18),ISNUMBER(E18)),IF(ROUND(J18-E18,2)<>0,"El datáfono no cuadra con la tarjeta",""),"")),IF(AND(ISNUMBER(J18),ISNUMBER(E18)),IF(ROUND(J18-E18,2)<>0,"El datáfono no cuadra con la tarjeta",""),""))
B19: =IF(ISNUMBER(A19),CHOOSE(WEEKDAY(A19,2),"lunes","martes","miércoles","jueves","viernes","sábado","domingo"),"") | L19: =IF(AND(ISNUMBER(A19),COUNT(D19:F19)>0),N(D19)+N(E19)+N(F19),"") | M19: =IF(AND(ISNUMBER(L19),ISNUMBER($C$5),$C$5>=0),ROUND(L19/(1+$C$5/100),2),"") | N19: =IF(AND(ISNUMBER(A19),COUNT(C19:D19)>0),N(C19)+N(D19)-N(G19)-N(H19),"") | O19: =IF(AND(ISNUMBER(N19),ISNUMBER(I19)),ROUND(I19-N19,2),"") | P19: =IF(ISNUMBER(O19),IF(AND(ISNUMBER($G$5),ABS(O19)>$G$5),"Revisa el descuadre",IF(AND(ISNUMBER(J19),ISNUMBER(E19)),IF(ROUND(J19-E19,2)<>0,"El datáfono no cuadra con la tarjeta",""),"")),IF(AND(ISNUMBER(J19),ISNUMBER(E19)),IF(ROUND(J19-E19,2)<>0,"El datáfono no cuadra con la tarjeta",""),""))
... B373: =IF(ISNUMBER(A373),CHOOSE(WEEKDAY(A373,2),"lunes","martes","miércoles","jueves","viernes","sábado","domingo"),"") | L373: =IF(AND(ISNUMBER(A373),COUNT(D373:F373)>0),N(D373)+N(E373)+N(F373),"") | M373: =IF(AND(ISNUMBER(L373),ISNUMBER($C$5),$C$5>=0),ROUND(L373/(1+$C$5/100),2),"") | N373: =IF(AND(ISNUMBER(A373),COUNT(C373:D373)>0),N(C373)+N(D373)-N(G373)-N(H373),"") | O373: =IF(AND(ISNUMBER(N373),ISNUMBER(I373)),ROUND(I373-N373,2),"") | P373: =IF(ISNUMBER(O373),IF(AND(ISNUMBER($G$5),ABS(O373)>$G$5),"Revisa el descuadre",IF(AND(ISNUMBER(J373),ISNUMBER(E373)),IF(ROUND(J373-E373,2)<>0,"El datáfono no cuadra con la tarjeta",""),"")),IF(AND(ISNUMBER(J373),ISNUMBER(E373)),IF(ROUND(J373-E373,2)<>0,"El datáfono no cuadra con la tarjeta",""),""))

Sheet Resumen
A1: Resumen del año
A2: Se calcula solo a partir de la hoja «Registro». Ventas sin IVA.
A4: Año | B4: 2026 | D4: Umbral diario del punto de equilibrio (€, sin IVA) | G4: Opcional: sale de la calculadora de punto de equilibrio de diariodehosteleria.com
A6: Mes | B6: Días con datos | C6: Ventas sin IVA | D6: Media por día | E6: Descuadres (suma) | F6: Días por encima del umbral
A7: enero | B7: =COUNTIFS(Registro!$A$8:$A$373,">="&DATE($B$4,1,1),Registro!$A$8:$A$373,"<"&DATE($B$4,2,1),Registro!$M$8:$M$373,">=0") | C7: =SUMIFS(Registro!$M$8:$M$373,Registro!$A$8:$A$373,">="&DATE($B$4,1,1),Registro!$A$8:$A$373,"<"&DATE($B$4,2,1)) | D7: =IF(B7=0,"",C7/B7) | E7: =SUMIFS(Registro!$O$8:$O$373,Registro!$A$8:$A$373,">="&DATE($B$4,1,1),Registro!$A$8:$A$373,"<"&DATE($B$4,2,1)) | F7: =IF(ISNUMBER($F$4),COUNTIFS(Registro!$A$8:$A$373,">="&DATE($B$4,1,1),Registro!$A$8:$A$373,"<"&DATE($B$4,2,1),Registro!$M$8:$M$373,">="&$F$4),"")
A8: febrero | B8: =COUNTIFS(Registro!$A$8:$A$373,">="&DATE($B$4,2,1),Registro!$A$8:$A$373,"<"&DATE($B$4,3,1),Registro!$M$8:$M$373,">=0") | C8: =SUMIFS(Registro!$M$8:$M$373,Registro!$A$8:$A$373,">="&DATE($B$4,2,1),Registro!$A$8:$A$373,"<"&DATE($B$4,3,1)) | D8: =IF(B8=0,"",C8/B8) | E8: =SUMIFS(Registro!$O$8:$O$373,Registro!$A$8:$A$373,">="&DATE($B$4,2,1),Registro!$A$8:$A$373,"<"&DATE($B$4,3,1)) | F8: =IF(ISNUMBER($F$4),COUNTIFS(Registro!$A$8:$A$373,">="&DATE($B$4,2,1),Registro!$A$8:$A$373,"<"&DATE($B$4,3,1),Registro!$M$8:$M$373,">="&$F$4),"")
A9: marzo | B9: =COUNTIFS(Registro!$A$8:$A$373,">="&DATE($B$4,3,1),Registro!$A$8:$A$373,"<"&DATE($B$4,4,1),Registro!$M$8:$M$373,">=0") | C9: =SUMIFS(Registro!$M$8:$M$373,Registro!$A$8:$A$373,">="&DATE($B$4,3,1),Registro!$A$8:$A$373,"<"&DATE($B$4,4,1)) | D9: =IF(B9=0,"",C9/B9) | E9: =SUMIFS(Registro!$O$8:$O$373,Registro!$A$8:$A$373,">="&DATE($B$4,3,1),Registro!$A$8:$A$373,"<"&DATE($B$4,4,1)) | F9: =IF(ISNUMBER($F$4),COUNTIFS(Registro!$A$8:$A$373,">="&DATE($B$4,3,1),Registro!$A$8:$A$373,"<"&DATE($B$4,4,1),Registro!$M$8:$M$373,">="&$F$4),"")
A10: abril | B10: =COUNTIFS(Registro!$A$8:$A$373,">="&DATE($B$4,4,1),Registro!$A$8:$A$373,"<"&DATE($B$4,5,1),Registro!$M$8:$M$373,">=0") | C10: =SUMIFS(Registro!$M$8:$M$373,Registro!$A$8:$A$373,">="&DATE($B$4,4,1),Registro!$A$8:$A$373,"<"&DATE($B$4,5,1)) | D10: =IF(B10=0,"",C10/B10) | E10: =SUMIFS(Registro!$O$8:$O$373,Registro!$A$8:$A$373,">="&DATE($B$4,4,1),Registro!$A$8:$A$373,"<"&DATE($B$4,5,1)) | F10: =IF(ISNUMBER($F$4),COUNTIFS(Registro!$A$8:$A$373,">="&DATE($B$4,4,1),Registro!$A$8:$A$373,"<"&DATE($B$4,5,1),Registro!$M$8:$M$373,">="&$F$4),"")
A11: mayo | B11: =COUNTIFS(Registro!$A$8:$A$373,">="&DATE($B$4,5,1),Registro!$A$8:$A$373,"<"&DATE($B$4,6,1),Registro!$M$8:$M$373,">=0") | C11: =SUMIFS(Registro!$M$8:$M$373,Registro!$A$8:$A$373,">="&DATE($B$4,5,1),Registro!$A$8:$A$373,"<"&DATE($B$4,6,1)) | D11: =IF(B11=0,"",C11/B11) | E11: =SUMIFS(Registro!$O$8:$O$373,Registro!$A$8:$A$373,">="&DATE($B$4,5,1),Registro!$A$8:$A$373,"<"&DATE($B$4,6,1)) | F11: =IF(ISNUMBER($F$4),COUNTIFS(Registro!$A$8:$A$373,">="&DATE($B$4,5,1),Registro!$A$8:$A$373,"<"&DATE($B$4,6,1),Registro!$M$8:$M$373,">="&$F$4),"")
A12: junio | B12: =COUNTIFS(Registro!$A$8:$A$373,">="&DATE($B$4,6,1),Registro!$A$8:$A$373,"<"&DATE($B$4,7,1),Registro!$M$8:$M$373,">=0") | C12: =SUMIFS(Registro!$M$8:$M$373,Registro!$A$8:$A$373,">="&DATE($B$4,6,1),Registro!$A$8:$A$373,"<"&DATE($B$4,7,1)) | D12: =IF(B12=0,"",C12/B12) | E12: =SUMIFS(Registro!$O$8:$O$373,Registro!$A$8:$A$373,">="&DATE($B$4,6,1),Registro!$A$8:$A$373,"<"&DATE($B$4,7,1)) | F12: =IF(ISNUMBER($F$4),COUNTIFS(Registro!$A$8:$A$373,">="&DATE($B$4,6,1),Registro!$A$8:$A$373,"<"&DATE($B$4,7,1),Registro!$M$8:$M$373,">="&$F$4),"")
A13: julio | B13: =COUNTIFS(Registro!$A$8:$A$373,">="&DATE($B$4,7,1),Registro!$A$8:$A$373,"<"&DATE($B$4,8,1),Registro!$M$8:$M$373,">=0") | C13: =SUMIFS(Registro!$M$8:$M$373,Registro!$A$8:$A$373,">="&DATE($B$4,7,1),Registro!$A$8:$A$373,"<"&DATE($B$4,8,1)) | D13: =IF(B13=0,"",C13/B13) | E13: =SUMIFS(Registro!$O$8:$O$373,Registro!$A$8:$A$373,">="&DATE($B$4,7,1),Registro!$A$8:$A$373,"<"&DATE($B$4,8,1)) | F13: =IF(ISNUMBER($F$4),COUNTIFS(Registro!$A$8:$A$373,">="&DATE($B$4,7,1),Registro!$A$8:$A$373,"<"&DATE($B$4,8,1),Registro!$M$8:$M$373,">="&$F$4),"")
A14: agosto | B14: =COUNTIFS(Registro!$A$8:$A$373,">="&DATE($B$4,8,1),Registro!$A$8:$A$373,"<"&DATE($B$4,9,1),Registro!$M$8:$M$373,">=0") | C14: =SUMIFS(Registro!$M$8:$M$373,Registro!$A$8:$A$373,">="&DATE($B$4,8,1),Registro!$A$8:$A$373,"<"&DATE($B$4,9,1)) | D14: =IF(B14=0,"",C14/B14) | E14: =SUMIFS(Registro!$O$8:$O$373,Registro!$A$8:$A$373,">="&DATE($B$4,8,1),Registro!$A$8:$A$373,"<"&DATE($B$4,9,1)) | F14: =IF(ISNUMBER($F$4),COUNTIFS(Registro!$A$8:$A$373,">="&DATE($B$4,8,1),Registro!$A$8:$A$373,"<"&DATE($B$4,9,1),Registro!$M$8:$M$373,">="&$F$4),"")
A15: septiembre | B15: =COUNTIFS(Registro!$A$8:$A$373,">="&DATE($B$4,9,1),Registro!$A$8:$A$373,"<"&DATE($B$4,10,1),Registro!$M$8:$M$373,">=0") | C15: =SUMIFS(Registro!$M$8:$M$373,Registro!$A$8:$A$373,">="&DATE($B$4,9,1),Registro!$A$8:$A$373,"<"&DATE($B$4,10,1)) | D15: =IF(B15=0,"",C15/B15) | E15: =SUMIFS(Registro!$O$8:$O$373,Registro!$A$8:$A$373,">="&DATE($B$4,9,1),Registro!$A$8:$A$373,"<"&DATE($B$4,10,1)) | F15: =IF(ISNUMBER($F$4),COUNTIFS(Registro!$A$8:$A$373,">="&DATE($B$4,9,1),Registro!$A$8:$A$373,"<"&DATE($B$4,10,1),Registro!$M$8:$M$373,">="&$F$4),"")
A16: octubre | B16: =COUNTIFS(Registro!$A$8:$A$373,">="&DATE($B$4,10,1),Registro!$A$8:$A$373,"<"&DATE($B$4,11,1),Registro!$M$8:$M$373,">=0") | C16: =SUMIFS(Registro!$M$8:$M$373,Registro!$A$8:$A$373,">="&DATE($B$4,10,1),Registro!$A$8:$A$373,"<"&DATE($B$4,11,1)) | D16: =IF(B16=0,"",C16/B16) | E16: =SUMIFS(Registro!$O$8:$O$373,Registro!$A$8:$A$373,">="&DATE($B$4,10,1),Registro!$A$8:$A$373,"<"&DATE($B$4,11,1)) | F16: =IF(ISNUMBER($F$4),COUNTIFS(Registro!$A$8:$A$373,">="&DATE($B$4,10,1),Registro!$A$8:$A$373,"<"&DATE($B$4,11,1),Registro!$M$8:$M$373,">="&$F$4),"")
A17: noviembre | B17: =COUNTIFS(Registro!$A$8:$A$373,">="&DATE($B$4,11,1),Registro!$A$8:$A$373,"<"&DATE($B$4,12,1),Registro!$M$8:$M$373,">=0") | C17: =SUMIFS(Registro!$M$8:$M$373,Registro!$A$8:$A$373,">="&DATE($B$4,11,1),Registro!$A$8:$A$373,"<"&DATE($B$4,12,1)) | D17: =IF(B17=0,"",C17/B17) | E17: =SUMIFS(Registro!$O$8:$O$373,Registro!$A$8:$A$373,">="&DATE($B$4,11,1),Registro!$A$8:$A$373,"<"&DATE($B$4,12,1)) | F17: =IF(ISNUMBER($F$4),COUNTIFS(Registro!$A$8:$A$373,">="&DATE($B$4,11,1),Registro!$A$8:$A$373,"<"&DATE($B$4,12,1),Registro!$M$8:$M$373,">="&$F$4),"")
A18: diciembre | B18: =COUNTIFS(Registro!$A$8:$A$373,">="&DATE($B$4,12,1),Registro!$A$8:$A$373,"<"&DATE($B$4,13,1),Registro!$M$8:$M$373,">=0") | C18: =SUMIFS(Registro!$M$8:$M$373,Registro!$A$8:$A$373,">="&DATE($B$4,12,1),Registro!$A$8:$A$373,"<"&DATE($B$4,13,1)) | D18: =IF(B18=0,"",C18/B18) | E18: =SUMIFS(Registro!$O$8:$O$373,Registro!$A$8:$A$373,">="&DATE($B$4,12,1),Registro!$A$8:$A$373,"<"&DATE($B$4,13,1)) | F18: =IF(ISNUMBER($F$4),COUNTIFS(Registro!$A$8:$A$373,">="&DATE($B$4,12,1),Registro!$A$8:$A$373,"<"&DATE($B$4,13,1),Registro!$M$8:$M$373,">="&$F$4),"")
A19: Total | B19: =SUM(B7:B18) | C19: =SUM(C7:C18) | D19: =IF(B19=0,"",C19/B19) | E19: =SUM(E7:E18) | F19: =SUM(F7:F18)
A22: Por día de la semana (todo el registro)
A23: Día | B23: Días con datos | C23: Media de ventas sin IVA
A24: lunes | B24: =COUNTIFS(Registro!$B$8:$B$373,A24,Registro!$M$8:$M$373,">=0") | C24: =IF(B24=0,"",AVERAGEIFS(Registro!$M$8:$M$373,Registro!$B$8:$B$373,A24,Registro!$M$8:$M$373,">=0"))
A25: martes | B25: =COUNTIFS(Registro!$B$8:$B$373,A25,Registro!$M$8:$M$373,">=0") | C25: =IF(B25=0,"",AVERAGEIFS(Registro!$M$8:$M$373,Registro!$B$8:$B$373,A25,Registro!$M$8:$M$373,">=0"))
A26: miércoles | B26: =COUNTIFS(Registro!$B$8:$B$373,A26,Registro!$M$8:$M$373,">=0") | C26: =IF(B26=0,"",AVERAGEIFS(Registro!$M$8:$M$373,Registro!$B$8:$B$373,A26,Registro!$M$8:$M$373,">=0"))
A27: jueves | B27: =COUNTIFS(Registro!$B$8:$B$373,A27,Registro!$M$8:$M$373,">=0") | C27: =IF(B27=0,"",AVERAGEIFS(Registro!$M$8:$M$373,Registro!$B$8:$B$373,A27,Registro!$M$8:$M$373,">=0"))
A28: viernes | B28: =COUNTIFS(Registro!$B$8:$B$373,A28,Registro!$M$8:$M$373,">=0") | C28: =IF(B28=0,"",AVERAGEIFS(Registro!$M$8:$M$373,Registro!$B$8:$B$373,A28,Registro!$M$8:$M$373,">=0"))
A29: sábado | B29: =COUNTIFS(Registro!$B$8:$B$373,A29,Registro!$M$8:$M$373,">=0") | C29: =IF(B29=0,"",AVERAGEIFS(Registro!$M$8:$M$373,Registro!$B$8:$B$373,A29,Registro!$M$8:$M$373,">=0"))
A30: domingo | B30: =COUNTIFS(Registro!$B$8:$B$373,A30,Registro!$M$8:$M$373,">=0") | C30: =IF(B30=0,"",AVERAGEIFS(Registro!$M$8:$M$373,Registro!$B$8:$B$373,A30,Registro!$M$8:$M$373,">=0"))
A32: Así ves qué días y qué meses son fuertes o flojos, para prever compras y personal.

Sheet Recuento
A1: Recuento de billetes y monedas
A2: Escribe cuántos hay de cada valor. Copia el total en «Efectivo contado» de la hoja «Registro».
A4: Valor | B4: Cantidad | C4: Importe
A5: 500 | C5: =IF(ISNUMBER(B5),ROUND(A5*B5,2),"")
A6: 200 | C6: =IF(ISNUMBER(B6),ROUND(A6*B6,2),"")
A7: 100 | C7: =IF(ISNUMBER(B7),ROUND(A7*B7,2),"")
A8: 50 | C8: =IF(ISNUMBER(B8),ROUND(A8*B8,2),"")
A9: 20 | C9: =IF(ISNUMBER(B9),ROUND(A9*B9,2),"")
A10: 10 | C10: =IF(ISNUMBER(B10),ROUND(A10*B10,2),"")
A11: 5 | C11: =IF(ISNUMBER(B11),ROUND(A11*B11,2),"")
A12: 2 | C12: =IF(ISNUMBER(B12),ROUND(A12*B12,2),"")
A13: 1 | C13: =IF(ISNUMBER(B13),ROUND(A13*B13,2),"")
A14: 0.5 | C14: =IF(ISNUMBER(B14),ROUND(A14*B14,2),"")
A15: 0.2 | C15: =IF(ISNUMBER(B15),ROUND(A15*B15,2),"")
A16: 0.1 | C16: =IF(ISNUMBER(B16),ROUND(A16*B16,2),"")
... A19: 0.01 | C19: =IF(ISNUMBER(B19),ROUND(A19*B19,2),"")
A21: Total contado | C21: =SUM(C5:C19)

Sheet Ejemplo
A1: Plantilla de cierre de caja · Diario de Hostelería
A2: Ejemplo del artículo «Cierre de caja»: bar ficticio, cifras inventadas. El primer día es el del artículo.
A3: Las propinas (bote) van aparte: no son ventas del negocio y no entran en el cuadre.
A5: IVA de las ventas (%) | C5: 10 | E5: Avisar si el descuadre pasa de (€) | G5: 5 | I5: Escribe el número del IVA (10, 21…). La plantilla no decide qué IVA te corresponde.
A7: Fecha | B7: Día | C7: Fondo inicial | D7: Ventas en efectivo | E7: Ventas con tarjeta | F7: Otros cobros (Bizum, transferencia) | G7: Pagos desde la caja | H7: Retiradas | I7: Efectivo contado | J7: Cierre del datáfono | K7: Bote (aparte) | L7: Ventas totales con IVA | M7: Ventas sin IVA | N7: Efectivo esperado | O7: Descuadre | P7: Aviso | Q7: Notas
A8: 46300 | B8: =IF(ISNUMBER(A8),CHOOSE(WEEKDAY(A8,2),"lunes","martes","miércoles","jueves","viernes","sábado","domingo"),"") | C8: 150 | D8: 612.4 | E8: 845.6 | F8: 38 | G8: 30.5 | I8: 724.5 | J8: 845.6 | K8: 23.5 | L8: =IF(AND(ISNUMBER(A8),COUNT(D8:F8)>0),N(D8)+N(E8)+N(F8),"") | M8: =IF(AND(ISNUMBER(L8),ISNUMBER($C$5),$C$5>=0),ROUND(L8/(1+$C$5/100),2),"") | N8: =IF(AND(ISNUMBER(A8),COUNT(C8:D8)>0),N(C8)+N(D8)-N(G8)-N(H8),"") | O8: =IF(AND(ISNUMBER(N8),ISNUMBER(I8)),ROUND(I8-N8,2),"") | P8: =IF(ISNUMBER(O8),IF(AND(ISNUMBER($G$5),ABS(O8)>$G$5),"Revisa el descuadre",IF(AND(ISNUMBER(J8),ISNUMBER(E8)),IF(ROUND(J8-E8,2)<>0,"El datáfono no cuadra con la tarjeta",""),"")),IF(AND(ISNUMBER(J8),ISNUMBER(E8)),IF(ROUND(J8-E8,2)<>0,"El datáfono no cuadra con la tarjeta",""),"")) | Q8: Pan y hielo pagados de la caja
A9: 46301 | B9: =IF(ISNUMBER(A9),CHOOSE(WEEKDAY(A9,2),"lunes","martes","miércoles","jueves","viernes","sábado","domingo"),"") | C9: 150 | D9: 488.2 | E9: 702.3 | F9: 12 | I9: 638.2 | J9: 702.3 | K9: 15 | L9: =IF(AND(ISNUMBER(A9),COUNT(D9:F9)>0),N(D9)+N(E9)+N(F9),"") | M9: =IF(AND(ISNUMBER(L9),ISNUMBER($C$5),$C$5>=0),ROUND(L9/(1+$C$5/100),2),"") | N9: =IF(AND(ISNUMBER(A9),COUNT(C9:D9)>0),N(C9)+N(D9)-N(G9)-N(H9),"") | O9: =IF(AND(ISNUMBER(N9),ISNUMBER(I9)),ROUND(I9-N9,2),"") | P9: =IF(ISNUMBER(O9),IF(AND(ISNUMBER($G$5),ABS(O9)>$G$5),"Revisa el descuadre",IF(AND(ISNUMBER(J9),ISNUMBER(E9)),IF(ROUND(J9-E9,2)<>0,"El datáfono no cuadra con la tarjeta",""),"")),IF(AND(ISNUMBER(J9),ISNUMBER(E9)),IF(ROUND(J9-E9,2)<>0,"El datáfono no cuadra con la tarjeta",""),""))
A10: 46302 | B10: =IF(ISNUMBER(A10),CHOOSE(WEEKDAY(A10,2),"lunes","martes","miércoles","jueves","viernes","sábado","domingo"),"") | C10: 150 | D10: 530.6 | E10: 760.1 | F10: 25.5 | G10: 18 | I10: 662.6 | J10: 760.1 | K10: 19.2 | L10: =IF(AND(ISNUMBER(A10),COUNT(D10:F10)>0),N(D10)+N(E10)+N(F10),"") | M10: =IF(AND(ISNUMBER(L10),ISNUMBER($C$5),$C$5>=0),ROUND(L10/(1+$C$5/100),2),"") | N10: =IF(AND(ISNUMBER(A10),COUNT(C10:D10)>0),N(C10)+N(D10)-N(G10)-N(H10),"") | O10: =IF(AND(ISNUMBER(N10),ISNUMBER(I10)),ROUND(I10-N10,2),"") | P10: =IF(ISNUMBER(O10),IF(AND(ISNUMBER($G$5),ABS(O10)>$G$5),"Revisa el descuadre",IF(AND(ISNUMBER(J10),ISNUMBER(E10)),IF(ROUND(J10-E10,2)<>0,"El datáfono no cuadra con la tarjeta",""),"")),IF(AND(ISNUMBER(J10),ISNUMBER(E10)),IF(ROUND(J10-E10,2)<>0,"El datáfono no cuadra con la tarjeta",""),"")) | Q10: Hielo
A11: 46303 | B11: =IF(ISNUMBER(A11),CHOOSE(WEEKDAY(A11,2),"lunes","martes","miércoles","jueves","viernes","sábado","domingo"),"") | C11: 150 | D11: 597.8 | E11: 881.4 | F11: 30 | I11: 747.8 | J11: 876.4 | K11: 21 | L11: =IF(AND(ISNUMBER(A11),COUNT(D11:F11)>0),N(D11)+N(E11)+N(F11),"") | M11: =IF(AND(ISNUMBER(L11),ISNUMBER($C$5),$C$5>=0),ROUND(L11/(1+$C$5/100),2),"") | N11: =IF(AND(ISNUMBER(A11),COUNT(C11:D11)>0),N(C11)+N(D11)-N(G11)-N(H11),"") | O11: =IF(AND(ISNUMBER(N11),ISNUMBER(I11)),ROUND(I11-N11,2),"") | P11: =IF(ISNUMBER(O11),IF(AND(ISNUMBER($G$5),ABS(O11)>$G$5),"Revisa el descuadre",IF(AND(ISNUMBER(J11),ISNUMBER(E11)),IF(ROUND(J11-E11,2)<>0,"El datáfono no cuadra con la tarjeta",""),"")),IF(AND(ISNUMBER(J11),ISNUMBER(E11)),IF(ROUND(J11-E11,2)<>0,"El datáfono no cuadra con la tarjeta",""),"")) | Q11: Datáfono 5 € por debajo: un cobro repetido en el TPV
A12: 46304 | B12: =IF(ISNUMBER(A12),CHOOSE(WEEKDAY(A12,2),"lunes","martes","miércoles","jueves","viernes","sábado","domingo"),"") | C12: 150 | D12: 905.3 | E12: 1310.7 | F12: 64 | G12: 42 | H12: 300 | I12: 713.3 | J12: 1310.7 | K12: 38.5 | L12: =IF(AND(ISNUMBER(A12),COUNT(D12:F12)>0),N(D12)+N(E12)+N(F12),"") | M12: =IF(AND(ISNUMBER(L12),ISNUMBER($C$5),$C$5>=0),ROUND(L12/(1+$C$5/100),2),"") | N12: =IF(AND(ISNUMBER(A12),COUNT(C12:D12)>0),N(C12)+N(D12)-N(G12)-N(H12),"") | O12: =IF(AND(ISNUMBER(N12),ISNUMBER(I12)),ROUND(I12-N12,2),"") | P12: =IF(ISNUMBER(O12),IF(AND(ISNUMBER($G$5),ABS(O12)>$G$5),"Revisa el descuadre",IF(AND(ISNUMBER(J12),ISNUMBER(E12)),IF(ROUND(J12-E12,2)<>0,"El datáfono no cuadra con la tarjeta",""),"")),IF(AND(ISNUMBER(J12),ISNUMBER(E12)),IF(ROUND(J12-E12,2)<>0,"El datáfono no cuadra con la tarjeta",""),"")) | Q12: Retirada para ingresar en el banco
A13: 46305 | B13: =IF(ISNUMBER(A13),CHOOSE(WEEKDAY(A13,2),"lunes","martes","miércoles","jueves","viernes","sábado","domingo"),"") | C13: 150 | D13: 1120.9 | E13: 1648.2 | F13: 88 | I13: 1262.9 | J13: 1648.2 | K13: 52 | L13: =IF(AND(ISNUMBER(A13),COUNT(D13:F13)>0),N(D13)+N(E13)+N(F13),"") | M13: =IF(AND(ISNUMBER(L13),ISNUMBER($C$5),$C$5>=0),ROUND(L13/(1+$C$5/100),2),"") | N13: =IF(AND(ISNUMBER(A13),COUNT(C13:D13)>0),N(C13)+N(D13)-N(G13)-N(H13),"") | O13: =IF(AND(ISNUMBER(N13),ISNUMBER(I13)),ROUND(I13-N13,2),"") | P13: =IF(ISNUMBER(O13),IF(AND(ISNUMBER($G$5),ABS(O13)>$G$5),"Revisa el descuadre",IF(AND(ISNUMBER(J13),ISNUMBER(E13)),IF(ROUND(J13-E13,2)<>0,"El datáfono no cuadra con la tarjeta",""),"")),IF(AND(ISNUMBER(J13),ISNUMBER(E13)),IF(ROUND(J13-E13,2)<>0,"El datáfono no cuadra con la tarjeta",""),"")) | Q13: Faltan 8 €: sin explicar, apuntado
A14: 46306 | B14: =IF(ISNUMBER(A14),CHOOSE(WEEKDAY(A14,2),"lunes","martes","miércoles","jueves","viernes","sábado","domingo"),"") | C14: 150 | D14: 830.4 | E14: 1095.6 | F14: 41 | I14: 980.4 | J14: 1095.6 | K14: 30 | L14: =IF(AND(ISNUMBER(A14),COUNT(D14:F14)>0),N(D14)+N(E14)+N(F14),"") | M14: =IF(AND(ISNUMBER(L14),ISNUMBER($C$5),$C$5>=0),ROUND(L14/(1+$C$5/100),2),"") | N14: =IF(AND(ISNUMBER(A14),COUNT(C14:D14)>0),N(C14)+N(D14)-N(G14)-N(H14),"") | O14: =IF(AND(ISNUMBER(N14),ISNUMBER(I14)),ROUND(I14-N14,2),"") | P14: =IF(ISNUMBER(O14),IF(AND(ISNUMBER($G$5),ABS(O14)>$G$5),"Revisa el descuadre",IF(AND(ISNUMBER(J14),ISNUMBER(E14)),IF(ROUND(J14-E14,2)<>0,"El datáfono no cuadra con la tarjeta",""),"")),IF(AND(ISNUMBER(J14),ISNUMBER(E14)),IF(ROUND(J14-E14,2)<>0,"El datáfono no cuadra con la tarjeta",""),""))
B15: =IF(ISNUMBER(A15),CHOOSE(WEEKDAY(A15,2),"lunes","martes","miércoles","jueves","viernes","sábado","domingo"),"") | L15: =IF(AND(ISNUMBER(A15),COUNT(D15:F15)>0),N(D15)+N(E15)+N(F15),"") | M15: =IF(AND(ISNUMBER(L15),ISNUMBER($C$5),$C$5>=0),ROUND(L15/(1+$C$5/100),2),"") | N15: =IF(AND(ISNUMBER(A15),COUNT(C15:D15)>0),N(C15)+N(D15)-N(G15)-N(H15),"") | O15: =IF(AND(ISNUMBER(N15),ISNUMBER(I15)),ROUND(I15-N15,2),"") | P15: =IF(ISNUMBER(O15),IF(AND(ISNUMBER($G$5),ABS(O15)>$G$5),"Revisa el descuadre",IF(AND(ISNUMBER(J15),ISNUMBER(E15)),IF(ROUND(J15-E15,2)<>0,"El datáfono no cuadra con la tarjeta",""),"")),IF(AND(ISNUMBER(J15),ISNUMBER(E15)),IF(ROUND(J15-E15,2)<>0,"El datáfono no cuadra con la tarjeta",""),""))
B16: =IF(ISNUMBER(A16),CHOOSE(WEEKDAY(A16,2),"lunes","martes","miércoles","jueves","viernes","sábado","domingo"),"") | L16: =IF(AND(ISNUMBER(A16),COUNT(D16:F16)>0),N(D16)+N(E16)+N(F16),"") | M16: =IF(AND(ISNUMBER(L16),ISNUMBER($C$5),$C$5>=0),ROUND(L16/(1+$C$5/100),2),"") | N16: =IF(AND(ISNUMBER(A16),COUNT(C16:D16)>0),N(C16)+N(D16)-N(G16)-N(H16),"") | O16: =IF(AND(ISNUMBER(N16),ISNUMBER(I16)),ROUND(I16-N16,2),"") | P16: =IF(ISNUMBER(O16),IF(AND(ISNUMBER($G$5),ABS(O16)>$G$5),"Revisa el descuadre",IF(AND(ISNUMBER(J16),ISNUMBER(E16)),IF(ROUND(J16-E16,2)<>0,"El datáfono no cuadra con la tarjeta",""),"")),IF(AND(ISNUMBER(J16),ISNUMBER(E16)),IF(ROUND(J16-E16,2)<>0,"El datáfono no cuadra con la tarjeta",""),""))
B17: =IF(ISNUMBER(A17),CHOOSE(WEEKDAY(A17,2),"lunes","martes","miércoles","jueves","viernes","sábado","domingo"),"") | L17: =IF(AND(ISNUMBER(A17),COUNT(D17:F17)>0),N(D17)+N(E17)+N(F17),"") | M17: =IF(AND(ISNUMBER(L17),ISNUMBER($C$5),$C$5>=0),ROUND(L17/(1+$C$5/100),2),"") | N17: =IF(AND(ISNUMBER(A17),COUNT(C17:D17)>0),N(C17)+N(D17)-N(G17)-N(H17),"") | O17: =IF(AND(ISNUMBER(N17),ISNUMBER(I17)),ROUND(I17-N17,2),"") | P17: =IF(ISNUMBER(O17),IF(AND(ISNUMBER($G$5),ABS(O17)>$G$5),"Revisa el descuadre",IF(AND(ISNUMBER(J17),ISNUMBER(E17)),IF(ROUND(J17-E17,2)<>0,"El datáfono no cuadra con la tarjeta",""),"")),IF(AND(ISNUMBER(J17),ISNUMBER(E17)),IF(ROUND(J17-E17,2)<>0,"El datáfono no cuadra con la tarjeta",""),""))
B18: =IF(ISNUMBER(A18),CHOOSE(WEEKDAY(A18,2),"lunes","martes","miércoles","jueves","viernes","sábado","domingo"),"") | L18: =IF(AND(ISNUMBER(A18),COUNT(D18:F18)>0),N(D18)+N(E18)+N(F18),"") | M18: =IF(AND(ISNUMBER(L18),ISNUMBER($C$5),$C$5>=0),ROUND(L18/(1+$C$5/100),2),"") | N18: =IF(AND(ISNUMBER(A18),COUNT(C18:D18)>0),N(C18)+N(D18)-N(G18)-N(H18),"") | O18: =IF(AND(ISNUMBER(N18),ISNUMBER(I18)),ROUND(I18-N18,2),"") | P18: =IF(ISNUMBER(O18),IF(AND(ISNUMBER($G$5),ABS(O18)>$G$5),"Revisa el descuadre",IF(AND(ISNUMBER(J18),ISNUMBER(E18)),IF(ROUND(J18-E18,2)<>0,"El datáfono no cuadra con la tarjeta",""),"")),IF(AND(ISNUMBER(J18),ISNUMBER(E18)),IF(ROUND(J18-E18,2)<>0,"El datáfono no cuadra con la tarjeta",""),""))
B19: =IF(ISNUMBER(A19),CHOOSE(WEEKDAY(A19,2),"lunes","martes","miércoles","jueves","viernes","sábado","domingo"),"") | L19: =IF(AND(ISNUMBER(A19),COUNT(D19:F19)>0),N(D19)+N(E19)+N(F19),"") | M19: =IF(AND(ISNUMBER(L19),ISNUMBER($C$5),$C$5>=0),ROUND(L19/(1+$C$5/100),2),"") | N19: =IF(AND(ISNUMBER(A19),COUNT(C19:D19)>0),N(C19)+N(D19)-N(G19)-N(H19),"") | O19: =IF(AND(ISNUMBER(N19),ISNUMBER(I19)),ROUND(I19-N19,2),"") | P19: =IF(ISNUMBER(O19),IF(AND(ISNUMBER($G$5),ABS(O19)>$G$5),"Revisa el descuadre",IF(AND(ISNUMBER(J19),ISNUMBER(E19)),IF(ROUND(J19-E19,2)<>0,"El datáfono no cuadra con la tarjeta",""),"")),IF(AND(ISNUMBER(J19),ISNUMBER(E19)),IF(ROUND(J19-E19,2)<>0,"El datáfono no cuadra con la tarjeta",""),""))
B20: =IF(ISNUMBER(A20),CHOOSE(WEEKDAY(A20,2),"lunes","martes","miércoles","jueves","viernes","sábado","domingo"),"") | L20: =IF(AND(ISNUMBER(A20),COUNT(D20:F20)>0),N(D20)+N(E20)+N(F20),"") | M20: =IF(AND(ISNUMBER(L20),ISNUMBER($C$5),$C$5>=0),ROUND(L20/(1+$C$5/100),2),"") | N20: =IF(AND(ISNUMBER(A20),COUNT(C20:D20)>0),N(C20)+N(D20)-N(G20)-N(H20),"") | O20: =IF(AND(ISNUMBER(N20),ISNUMBER(I20)),ROUND(I20-N20,2),"") | P20: =IF(ISNUMBER(O20),IF(AND(ISNUMBER($G$5),ABS(O20)>$G$5),"Revisa el descuadre",IF(AND(ISNUMBER(J20),ISNUMBER(E20)),IF(ROUND(J20-E20,2)<>0,"El datáfono no cuadra con la tarjeta",""),"")),IF(AND(ISNUMBER(J20),ISNUMBER(E20)),IF(ROUND(J20-E20,2)<>0,"El datáfono no cuadra con la tarjeta",""),""))
B21: =IF(ISNUMBER(A21),CHOOSE(WEEKDAY(A21,2),"lunes","martes","miércoles","jueves","viernes","sábado","domingo"),"") | L21: =IF(AND(ISNUMBER(A21),COUNT(D21:F21)>0),N(D21)+N(E21)+N(F21),"") | M21: =IF(AND(ISNUMBER(L21),ISNUMBER($C$5),$C$5>=0),ROUND(L21/(1+$C$5/100),2),"") | N21: =IF(AND(ISNUMBER(A21),COUNT(C21:D21)>0),N(C21)+N(D21)-N(G21)-N(H21),"") | O21: =IF(AND(ISNUMBER(N21),ISNUMBER(I21)),ROUND(I21-N21,2),"") | P21: =IF(ISNUMBER(O21),IF(AND(ISNUMBER($G$5),ABS(O21)>$G$5),"Revisa el descuadre",IF(AND(ISNUMBER(J21),ISNUMBER(E21)),IF(ROUND(J21-E21,2)<>0,"El datáfono no cuadra con la tarjeta",""),"")),IF(AND(ISNUMBER(J21),ISNUMBER(E21)),IF(ROUND(J21-E21,2)<>0,"El datáfono no cuadra con la tarjeta",""),""))
B22: =IF(ISNUMBER(A22),CHOOSE(WEEKDAY(A22,2),"lunes","martes","miércoles","jueves","viernes","sábado","domingo"),"") | L22: =IF(AND(ISNUMBER(A22),COUNT(D22:F22)>0),N(D22)+N(E22)+N(F22),"") | M22: =IF(AND(ISNUMBER(L22),ISNUMBER($C$5),$C$5>=0),ROUND(L22/(1+$C$5/100),2),"") | N22: =IF(AND(ISNUMBER(A22),COUNT(C22:D22)>0),N(C22)+N(D22)-N(G22)-N(H22),"") | O22: =IF(AND(ISNUMBER(N22),ISNUMBER(I22)),ROUND(I22-N22,2),"") | P22: =IF(ISNUMBER(O22),IF(AND(ISNUMBER($G$5),ABS(O22)>$G$5),"Revisa el descuadre",IF(AND(ISNUMBER(J22),ISNUMBER(E22)),IF(ROUND(J22-E22,2)<>0,"El datáfono no cuadra con la tarjeta",""),"")),IF(AND(ISNUMBER(J22),ISNUMBER(E22)),IF(ROUND(J22-E22,2)<>0,"El datáfono no cuadra con la tarjeta",""),""))
B23: =IF(ISNUMBER(A23),CHOOSE(WEEKDAY(A23,2),"lunes","martes","miércoles","jueves","viernes","sábado","domingo"),"") | L23: =IF(AND(ISNUMBER(A23),COUNT(D23:F23)>0),N(D23)+N(E23)+N(F23),"") | M23: =IF(AND(ISNUMBER(L23),ISNUMBER($C$5),$C$5>=0),ROUND(L23/(1+$C$5/100),2),"") | N23: =IF(AND(ISNUMBER(A23),COUNT(C23:D23)>0),N(C23)+N(D23)-N(G23)-N(H23),"") | O23: =IF(AND(ISNUMBER(N23),ISNUMBER(I23)),ROUND(I23-N23,2),"") | P23: =IF(ISNUMBER(O23),IF(AND(ISNUMBER($G$5),ABS(O23)>$G$5),"Revisa el descuadre",IF(AND(ISNUMBER(J23),ISNUMBER(E23)),IF(ROUND(J23-E23,2)<>0,"El datáfono no cuadra con la tarjeta",""),"")),IF(AND(ISNUMBER(J23),ISNUMBER(E23)),IF(ROUND(J23-E23,2)<>0,"El datáfono no cuadra con la tarjeta",""),""))
B24: =IF(ISNUMBER(A24),CHOOSE(WEEKDAY(A24,2),"lunes","martes","miércoles","jueves","viernes","sábado","domingo"),"") | L24: =IF(AND(ISNUMBER(A24),COUNT(D24:F24)>0),N(D24)+N(E24)+N(F24),"") | M24: =IF(AND(ISNUMBER(L24),ISNUMBER($C$5),$C$5>=0),ROUND(L24/(1+$C$5/100),2),"") | N24: =IF(AND(ISNUMBER(A24),COUNT(C24:D24)>0),N(C24)+N(D24)-N(G24)-N(H24),"") | O24: =IF(AND(ISNUMBER(N24),ISNUMBER(I24)),ROUND(I24-N24,2),"") | P24: =IF(ISNUMBER(O24),IF(AND(ISNUMBER($G$5),ABS(O24)>$G$5),"Revisa el descuadre",IF(AND(ISNUMBER(J24),ISNUMBER(E24)),IF(ROUND(J24-E24,2)<>0,"El datáfono no cuadra con la tarjeta",""),"")),IF(AND(ISNUMBER(J24),ISNUMBER(E24)),IF(ROUND(J24-E24,2)<>0,"El datáfono no cuadra con la tarjeta",""),""))
B25: =IF(ISNUMBER(A25),CHOOSE(WEEKDAY(A25,2),"lunes","martes","miércoles","jueves","viernes","sábado","domingo"),"") | L25: =IF(AND(ISNUMBER(A25),COUNT(D25:F25)>0),N(D25)+N(E25)+N(F25),"") | M25: =IF(AND(ISNUMBER(L25),ISNUMBER($C$5),$C$5>=0),ROUND(L25/(1+$C$5/100),2),"") | N25: =IF(AND(ISNUMBER(A25),COUNT(C25:D25)>0),N(C25)+N(D25)-N(G25)-N(H25),"") | O25: =IF(AND(ISNUMBER(N25),ISNUMBER(I25)),ROUND(I25-N25,2),"") | P25: =IF(ISNUMBER(O25),IF(AND(ISNUMBER($G$5),ABS(O25)>$G$5),"Revisa el descuadre",IF(AND(ISNUMBER(J25),ISNUMBER(E25)),IF(ROUND(J25-E25,2)<>0,"El datáfono no cuadra con la tarjeta",""),"")),IF(AND(ISNUMBER(J25),ISNUMBER(E25)),IF(ROUND(J25-E25,2)<>0,"El datáfono no cuadra con la tarjeta",""),""))
B26: =IF(ISNUMBER(A26),CHOOSE(WEEKDAY(A26,2),"lunes","martes","miércoles","jueves","viernes","sábado","domingo"),"") | L26: =IF(AND(ISNUMBER(A26),COUNT(D26:F26)>0),N(D26)+N(E26)+N(F26),"") | M26: =IF(AND(ISNUMBER(L26),ISNUMBER($C$5),$C$5>=0),ROUND(L26/(1+$C$5/100),2),"") | N26: =IF(AND(ISNUMBER(A26),COUNT(C26:D26)>0),N(C26)+N(D26)-N(G26)-N(H26),"") | O26: =IF(AND(ISNUMBER(N26),ISNUMBER(I26)),ROUND(I26-N26,2),"") | P26: =IF(ISNUMBER(O26),IF(AND(ISNUMBER($G$5),ABS(O26)>$G$5),"Revisa el descuadre",IF(AND(ISNUMBER(J26),ISNUMBER(E26)),IF(ROUND(J26-E26,2)<>0,"El datáfono no cuadra con la tarjeta",""),"")),IF(AND(ISNUMBER(J26),ISNUMBER(E26)),IF(ROUND(J26-E26,2)<>0,"El datáfono no cuadra con la tarjeta",""),""))
... B373: =IF(ISNUMBER(A373),CHOOSE(WEEKDAY(A373,2),"lunes","martes","miércoles","jueves","viernes","sábado","domingo"),"") | L373: =IF(AND(ISNUMBER(A373),COUNT(D373:F373)>0),N(D373)+N(E373)+N(F373),"") | M373: =IF(AND(ISNUMBER(L373),ISNUMBER($C$5),$C$5>=0),ROUND(L373/(1+$C$5/100),2),"") | N373: =IF(AND(ISNUMBER(A373),COUNT(C373:D373)>0),N(C373)+N(D373)-N(G373)-N(H373),"") | O373: =IF(AND(ISNUMBER(N373),ISNUMBER(I373)),ROUND(I373-N373,2),"") | P373: =IF(ISNUMBER(O373),IF(AND(ISNUMBER($G$5),ABS(O373)>$G$5),"Revisa el descuadre",IF(AND(ISNUMBER(J373),ISNUMBER(E373)),IF(ROUND(J373-E373,2)<>0,"El datáfono no cuadra con la tarjeta",""),"")),IF(AND(ISNUMBER(J373),ISNUMBER(E373)),IF(ROUND(J373-E373,2)<>0,"El datáfono no cuadra con la tarjeta",""),""))

Sheet Instrucciones
A1: Plantilla de cierre de caja · Diario de Hostelería
A2: Sirve para cerrar la caja cada día y, sobre todo, para guardar todos los cierres en un mismo sitio: así ves qué días y qué meses vendes más, y si los descuadres se repiten.
A3: Cómo usarla
A4: 1. Un archivo por año. En «Registro», una fila por día (o por turno si cierras dos veces). Escribe la fecha y las cifras del informe de cierre (la «Z») de tu TPV o caja registradora.
A5: 2. Fondo inicial: el cambio con el que abriste. Mejor siempre la misma cantidad.
A6: 3. Pagos desde la caja: lo que pagaste en efectivo del cajón (pan, hielo, un proveedor pequeño). Retiradas: dinero que sacaste de la caja durante el día.
A7: 4. Cuenta el efectivo por valores en la hoja «Recuento» y copia el total en «Efectivo contado».
A8: 5. Si cobras con tarjeta, escribe el total del cierre del datáfono: debe coincidir con las ventas con tarjeta del TPV.
A9: 6. El bote va en su columna, aparte: no son ventas y no entra en el cuadre.
A10: Cómo se calcula
A11: Efectivo esperado = fondo inicial + ventas en efectivo − pagos desde la caja − retiradas.
A12: Descuadre = efectivo contado − efectivo esperado. En negativo falta dinero; en positivo, sobra.
... A23: Plantilla gratuita de Diario de Hostelería, de David Segovia.
